 Dungeon Crawl Stone Soup version 0.29-a0-789-g7a8fcbc185 (webtiles) character file.

Game seed: 2816306517052982693

39 elagabalus the Slasher (level 3, 30/31 HPs)
             Began as a Palentonga Fighter on June 24, 2022.
             Quit the game on level 2 of the Dungeon on July 2, 2022.
             The game lasted 00:11:24 (914 turns).

elagabalus the Slasher (Palentonga Fighter)          Turns: 914, Time: 00:11:25

Health: 30/31      AC:  7    Str: 21    XL:     3   Next: 28%
Magic:  3/3        EV:  5    Int:  8    God:
Gold:   116        SH:  4    Dex:  9    Spells: 2/2 levels left

rFire   . . .      SeeInvis +   a - +0 long sword
rCold   . . .      Faith    .   c - +0 buckler
rNeg    . . .      Spirit   .   g - +0 chain mail
rPois   .          Reflect  .   (no helmet)
rElec   .          Harm     .   (no cloak)
rCorr   .          Rampage  .   (no gloves)
Will    .....                   (no barding)
Stlth   ..........              (no amulet)
HPRegen 0.10/turn               (no ring)
MPRegen 0.08/turn               (no ring)

@: no status effects
A: large, rugged brown scales 3, see invisible, deformed body, roll 1, armoured
tail
a: Rolling Charge


You were on level 2 of the Dungeon.
You visited 1 branch of the dungeon, and saw 2 of its levels.

You collected 116 gold pieces.

Inventory:

Hand Weapons
 a - a +0 long sword (weapon)
Armour
 c - a +0 buckler (worn)
 g - a +0 chain mail (worn)
Scrolls
 f - a scroll of amnesia {unknown}
Potions
 b - a potion of degeneration {unknown}
 d - a potion of might
 e - 2 potions of ambrosia {unknown}
 h - a potion of flight {unknown}


   Skills:
 - Level 3.0 Fighting
 * Level 3.8 Long Blades
 - Level 2.4 Armour
 - Level 2.6 Shields


You had 2 spell levels left.
You didn't know any spells.
Your spell library contained the following spells:

 Spells                   Type           Power      Damage    Failure   Level
 Apportation              Tloc           0%         N/A       99%         1
 Necrotize                Necr           0%         1d4       99%         1
 Shock                    Conj/Air       0%         1d3       99%         1
 Summon Small Mammal      Summ           0%         N/A       99%         1
 Swiftness                Air            0%         N/A       100%        3
 Airstrike                Air            0%         0-1+      100%        4


Dungeon Overview and Level Annotations

Branches:
Dungeon (2/15)

Altars:

Shops:
D:1 !


Innate Abilities, Weirdness & Mutations

You are completely covered in rugged brown scales. (AC +3, +7% HP)
You have supernaturally acute eyesight. (SInv)
Armour fits poorly on your strangely shaped body.
You can roll at nearby foes to attack.
You have a long armoured tail.


Message History

You hit the frilled lizard.
You kill the frilled lizard!
Found a short sword.
A ball python comes into view.
The ball python hisses angrily.
You roll forward with a clatter of scales!
You barely miss the ball python. You block the ball python's attack.
You hit the ball python.
You kill the ball python!
Found a runed spear.
Found a stone staircase leading up.
A bat comes into view.
You miss the bat. The bat hits you but does no damage. x2
You closely miss the bat. The bat barely misses you.
The bat hits you but does no damage. You block the bat's attack.
You closely miss the bat. You block the bat's attack.
The bat hits you but does no damage. x2
You closely miss the bat.
Your tail-slap misses the bat.
The bat hits you but does no damage. The bat hits you.
You block the bat's attack. The bat hits you but does no damage.
You closely miss the bat. The bat hits you but does no damage.
You closely miss the bat. The bat hits you but does no damage.
The bat hits you.
You hit the bat.
Your tail-slap misses the bat.
The bat is severely wounded.
You block the bat's attack.
You roll forward with a clatter of scales!
You closely miss the bat.
The bat is severely wounded.
The bat hits you but does no damage. x3
There's nothing you can charge at!
You barely miss the bat.
The bat is severely wounded.
The bat hits you but does no damage.
You hit the bat.
You kill the bat!
Save game and exit?
Okay, then.
Are you sure you want to abandon this character and quit the game? (Confirm with "yes".)

...........##.#.......
...#.......##...)....<
......†....##.........
.........)...........
..........###.....#
..................#
.......#######....# .
.......# #.#####....
.......#######..@.......
.............#######.###
......######.# #######
#.# #.# #.# #.#
########.# #<.......#


There were no monsters in sight!

Vanquished Creatures
  3 dart slugs (D:1)
  5 endoplasms (D:1)
  4 goblins (D:1)
  3 hobgoblins (D:1)
  2 quokkas (D:1)
  3 ball pythons
  4 bats
  5 frilled lizards
  2 kobolds (D:1)
  A rat (D:1)
32 creatures vanquished.

Vanquished Creatures (others)
  A plant (D:1)
1 creature vanquished.

Grand Total: 33 creatures vanquished

Notes
Turn   | Place    | Note
-------+----------+-------------------------------------------
     0 | D:1      | elagabalus the Palentonga Fighter began the quest for the
                  | Orb.
     0 | D:1      | Reached XP level 1. HP: 19/19 MP: 1/1
   100 | D:1      | Reached XP level 2. HP: 7/25 MP: 2/2
   139 | D:1      | HP: 1/25 [dart slug/slug dart (6)]
   269 | D:1      | Found Irhoidet's Distillery.
   421 | D:1      | Reached XP level 3. HP: 14/31 MP: 3/3
   519 | D:1      | Upgraded the game from 0.29-a0-676-ga64570c9d2 to
                  | 0.29-a0-789-g7a8fcbc185
   914 | D:2      | Quit the game

Illustrated notes

Levels and vault maps discovered:
D:1:      evilmike_arrival_plus, layout_loops_ring, serial_shops,
          nicolae_shop_stone, hangedman_feature_mirror
D:2:      layout_basic, hellmonk_ecumenical_altar_blasted

Skill      XL: |  1  2 |
---------------+-------+-----
Long Blades    | 3 |  3.8
Fighting       | |  3.0
Armour         | |  2.4
Shields        | |  2.6

Action                   || total
-------------------------++-------
Melee: Long sword        ||    91
       Tailslap          ||     7
 Abil: Rolling Charge    ||    11
Armor: Scale mail        ||    17
       Chain mail        ||    26
Dodge: Dodged            ||    21
Block: Buckler           ||    18

Table legend: (Time is in decaauts)
 A = Elapsed time spent in this place.
 B = Non-inter-level travel time spent in this place.
 C = Inter-level travel time spent in this place.
 D = Time resting spent in this place.
 E = Time spent auto-exploring this place.
 F = Levels seen in this place.
 G = Mean time per level.
                   A        B        C        D        E       F      G
               +--------+--------+--------+--------+--------+-----+--------+
         Total |    939 |    597 |    342 |      0 |      0 |   2 |  469.5 |
       Dungeon |    939 |    597 |    342 |      0 |      0 |   2 |  469.5 |
               +--------+--------+--------+--------+--------+-----+--------+

Top non-repeatable levels by time:
     D:1: 882 daAuts
     D:2: 56 daAuts
